SR
BETHLEHEM ANGEL KITTIES @ CANONNIERS DE QUEBEC
09/02/2042
 
TOP OF THE 1ST
Bethlehem Angel Kitties batting - Pitching for Canonniers de Quebec : RHP Steve MacDougal
Pitching: RHP Steve MacDougal
Batting: LHB Tse-peng Yei 0-0: Called Strike
0-1: Ball
1-1: Ground out 4-3 (Groundball, 4, EV 90.6 MPH)
Batting: RHB Hwui-ning Chen 0-0: Called Strike
0-1: Ball
1-1: Fly out, F7 (Flyball, 7LM, EV 88.8 MPH)
Batting: RHB Robbie McClellan 0-0: Called Strike
0-1: Foul Ball, location: 2F
0-2: Strikes out swinging
Top of the 1st over - 0 runs, 0 hits, 0 errors, 0 left on base; Bethlehem 0 - Canonniers de Quebec 0
BOTTOM OF THE 1ST
Canonniers de Quebec batting - Pitching for Bethlehem Angel Kitties : RHP Wesley White
Pitching: RHP Wesley White
Batting: RHB Ludwig Mangin 0-0: Ball
1-0: DOUBLE (Line Drive, 78D, EV 104.4 MPH)
Batting: RHB Manny Costello 0-0: Called Strike
0-1: Ball
1-1: Foul Ball, location: 2F
1-2: Strikes out swinging
Batting: RHB Luis Manuel Pérez 0-0: Fly out, F7 (Flyball, 7, EV 90.6 MPH)
Batting: LHB Tomás Gutiérrez 0-0: Called Strike
0-1: Fly out, F8 (Flyball, 8RM, EV 86.9 MPH)
Bottom of the 1st over - 0 runs, 1 hit, 0 errors, 1 left on base; Bethlehem 0 - Canonniers de Quebec 0
TOP OF THE 2ND
Bethlehem Angel Kitties batting - Pitching for Canonniers de Quebec : RHP Steve MacDougal
Batting: LHB Cam Nicholson 0-0: Called Strike
0-1: Ball
1-1: Swinging Strike
1-2: Strikes out swinging
Batting: RHB Juan Oreta 0-0: Ball
1-0: Ball
2-0: Ball
3-0: Called Strike
3-1: Ground out 1-3 (Groundball, 34S, EV 88.1 MPH)
Batting: RHB Martín Espinoza 0-0: Called Strike
0-1: Ball
1-1: Ball
2-1: Called Strike
2-2: Foul Ball, location: 2F
2-2: Ball
3-2: Foul Ball, location: 2F
3-2: Strikes out swinging
Top of the 2nd over - 0 runs, 0 hits, 0 errors, 0 left on base; Bethlehem 0 - Canonniers de Quebec 0
BOTTOM OF THE 2ND
Canonniers de Quebec batting - Pitching for Bethlehem Angel Kitties : RHP Wesley White
Batting: RHB Rich Robinson 0-0: Fly out, F9 (Flyball, 89S, EV 86.2 MPH)
Batting: SHB Arturo Costa 0-0: Ball
1-0: Ball
2-0: Foul Ball, location: 2F
2-1: Ball
3-1: Fly out, F8 (Flyball, 8LXD, EV 86.9 MPH)
Batting: RHB Gael Kerwin 0-0: DOUBLE (Flyball, 8RXD, EV 91.9 MPH)
Batting: RHB Ron Johnson 0-0: Ball
1-0: Fly out, F8 (Flyball, 8RM, EV 86.9 MPH)
Bottom of the 2nd over - 0 runs, 1 hit, 0 errors, 1 left on base; Bethlehem 0 - Canonniers de Quebec 0
TOP OF THE 3RD
Bethlehem Angel Kitties batting - Pitching for Canonniers de Quebec : RHP Steve MacDougal
Batting: RHB Kent Fowler 0-0: SOLO HOME RUN (Flyball, 7D, EV 94.4 MPH), Distance : 374 ft
Batting: RHB Brody King 0-0: Hit by Pitch
Batting: RHB Wyatt Shepherd 0-0: Grounds into double play, 5-4-3 (Groundball, 5, EV 84.4 MPH)
Batting: LHB Tse-peng Yei 0-0: Bunt for hit to 2L - play at first, batter OUT! 2-3
Top of the 3rd over - 1 run, 1 hit, 0 errors, 0 left on base; Bethlehem 1 - Canonniers de Quebec 0
BOTTOM OF THE 3RD
Canonniers de Quebec batting - Pitching for Bethlehem Angel Kitties : RHP Wesley White
Batting: RHB José Negrete 0-0: Ball
1-0: Foul Ball, location: 2F
1-1: SINGLE (Line Drive, 89S, EV 101.9 MPH)
Batting: RHB Ludwig Mangin 0-0: Called Strike
0-1: Called Strike
0-2: Ball
1-2: Strikes out swinging
Batting: RHB Manny Costello 0-0: Ball
1-0: Ball
2-0: Ball
3-0: Called Strike
3-1: Base on Balls
José Negrete to second
Batting: RHB Luis Manuel Pérez 0-0: Ball
1-0: Fly out, F4 (Popup, 34S, EV 81.9 MPH)
Batting: LHB Tomás Gutiérrez 0-0: Fly out, F8 (Line Drive, 8LD, EV 93.1 MPH)
Bottom of the 3rd over - 0 runs, 1 hit, 0 errors, 2 left on base; Bethlehem 1 - Canonniers de Quebec 0
TOP OF THE 4TH
Bethlehem Angel Kitties batting - Pitching for Canonniers de Quebec : RHP Steve MacDougal
Batting: RHB Hwui-ning Chen 0-0: Ball
1-0: SINGLE (Flyball, 89M, EV 96.9 MPH)
Batting: RHB Robbie McClellan 0-0: Called Strike
0-1: Foul Ball, location: 2F
0-2: Ball
1-2: Grounds into double play, 6-4-3 (Groundball, 6, EV 86.2 MPH)
Batting: LHB Cam Nicholson 0-0: Swinging Strike
0-1: Ball
1-1: Foul Ball, location: 2F
1-2: Ball
2-2: Foul Ball, location: 2F
2-2: Fly out, F4 (Popup, 4, EV 77.5 MPH)
Top of the 4th over - 0 runs, 1 hit, 0 errors, 0 left on base; Bethlehem 1 - Canonniers de Quebec 0
BOTTOM OF THE 4TH
Canonniers de Quebec batting - Pitching for Bethlehem Angel Kitties : RHP Wesley White
Batting: RHB Rich Robinson 0-0: Ball
1-0: Called Strike
1-1: Ball
2-1: Ground out U3 (Groundball, 3S, EV 80.6 MPH)
Batting: SHB Arturo Costa 0-0: Swinging Strike
0-1: Foul Ball, location: 2F
0-2: Ball
1-2: Ball
2-2: SINGLE (Groundball, 6MD, EV 98.1 MPH)
Batting: RHB Gael Kerwin 0-0: Ball
1-0: Foul Ball, location: 2F
1-1: Ball
2-1: Called Strike
2-2: Ball
3-2: Base on Balls
Arturo Costa to second
Batting: RHB Ron Johnson 0-0: Ball
1-0: Fly out, F9 (Flyball, 9S, EV 84.4 MPH)
Batting: RHB José Negrete 0-0: Called Strike
0-1: Ball
1-1: DOUBLE (Line Drive, 7LS, EV 107.5 MPH)
Arturo Costa scores
Gael Kerwin to third
Batting: RHB Ludwig Mangin 0-0: Ball
1-0: Swinging Strike
1-1: Ball
2-1: Foul Ball, location: 2F
2-2: Strikes out swinging
Bottom of the 4th over - 1 run, 2 hits, 0 errors, 2 left on base; Bethlehem 1 - Canonniers de Quebec 1
TOP OF THE 5TH
Bethlehem Angel Kitties batting - Pitching for Canonniers de Quebec : RHP Steve MacDougal
Batting: RHB Juan Oreta 0-0: Ball
1-0: SINGLE (Flyball, 89M, EV 98.1 MPH)
Batting: RHB Martín Espinoza 0-0: Bunted foul
0-1: Ball
1-1: Sac Bunt to 15S - play at first, batter safe!
Juan Oreta to second
Batting: RHB Kent Fowler 0-0: Sac Bunt to 5S - play at first, batter OUT! 5-4
Juan Oreta to third
Martín Espinoza to second
Batting: RHB Brody King 0-0: Ground out 6-3 (Groundball, 6, EV 84.4 MPH)
Juan Oreta scores
Batting: RHB Wyatt Shepherd 0-0: Called Strike
0-1: Foul Ball, location: 2F
0-2: Foul Ball, location: 2F
0-2: Ball
1-2: Ball
2-2: Fly out, F8 (Flyball, 8LM, EV 94.4 MPH)
Top of the 5th over - 1 run, 2 hits, 0 errors, 1 left on base; Bethlehem 2 - Canonniers de Quebec 1
BOTTOM OF THE 5TH
Canonniers de Quebec batting - Pitching for Bethlehem Angel Kitties : RHP Wesley White
Batting: RHB Manny Costello 0-0: Called Strike
0-1: Swinging Strike
0-2: Ball
1-2: Foul Ball, location: 2F
1-2: Ball
2-2: Strikes out swinging
Batting: RHB Luis Manuel Pérez 0-0: Ball
1-0: Fly out, F8 (Flyball, 89S, EV 79.4 MPH)
Batting: LHB Tomás Gutiérrez 0-0: Swinging Strike
0-1: Ball
1-1: Fly out, F7 (Line Drive, 7, EV 90.6 MPH)
Bottom of the 5th over - 0 runs, 0 hits, 0 errors, 0 left on base; Bethlehem 2 - Canonniers de Quebec 1
TOP OF THE 6TH
Bethlehem Angel Kitties batting - Pitching for Canonniers de Quebec : RHP Steve MacDougal
Batting: LHB Tse-peng Yei 0-0: Called Strike
0-1: Foul Ball, location: 2F
0-2: Strikes out swinging
Batting: RHB Hwui-ning Chen 0-0: Ball
1-0: Ball
2-0: Ball
3-0: Called Strike
3-1: Base on Balls
Batting: RHB Robbie McClellan 0-0: Foul Ball, location: 2F
0-1: Ball
1-1: Ball
2-1: Ball
3-1: Called Strike
3-2: Foul Ball, location: 2F
3-2: Foul Ball, location: 2F
3-2: Fielders Choice at 2nd, 4-6 (Groundball, 4M, EV 93.1 MPH)
Batting: LHB Cam Nicholson 0-0: Called Strike
0-1: Called Strike
0-2: Ball
1-2: Foul Ball, location: 2F
1-2: Foul Ball, location: 2F
1-2: SINGLE (Line Drive, 78S, EV 88.1 MPH)
Robbie McClellan to second
Batting: RHB Juan Oreta 0-0: Ball
1-0: Ball
2-0: Called Strike
2-1: Swinging Strike
2-2: Ball
3-2: SINGLE (Flyball, 89S, EV 98.1 MPH)
Robbie McClellan to third
Cam Nicholson to second
Robbie McClellan scores
Cam Nicholson to third
Batting: RHB Martín Espinoza 0-0: Fly out, F8 (Flyball, 8LM, EV 84.4 MPH)
Top of the 6th over - 1 run, 2 hits, 0 errors, 2 left on base; Bethlehem 3 - Canonniers de Quebec 1
BOTTOM OF THE 6TH
Canonniers de Quebec batting - Pitching for Bethlehem Angel Kitties : RHP Wesley White
Batting: RHB Rich Robinson 0-0: Ball
1-0: Foul Ball, location: 2F
1-1: Called Strike
1-2: Foul Ball, location: 2F
1-2: Fly out, F8 (Line Drive, 8RD, EV 90.0 MPH)
Batting: SHB Arturo Costa 0-0: Called Strike
0-1: Ball
1-1: Ball
2-1: Ground out 4-3 (Groundball, 4M, EV 85.0 MPH)
Batting: RHB Gael Kerwin 0-0: Ball
1-0: Foul Ball, location: 2F
1-1: Foul Ball, location: 2F
1-2: Ball
2-2: Ground out 4-3 (Groundball, 34, EV 84.4 MPH)
Bottom of the 6th over - 0 runs, 0 hits, 0 errors, 0 left on base; Bethlehem 3 - Canonniers de Quebec 1
TOP OF THE 7TH
Bethlehem Angel Kitties batting - Pitching for Canonniers de Quebec : RHP Steve MacDougal
Batting: RHB Kent Fowler 0-0: Swinging Strike
0-1: Ball
1-1: Swinging Strike
1-2: Foul Ball, location: 2F
1-2: Ball
2-2: Strikes out looking
Batting: RHB Brody King 0-0: SINGLE (Groundball, 6, EV 86.2 MPH) (infield hit)
Batting: RHB Wyatt Shepherd 0-0: Ball
1-0: Swinging Strike
1-1: Foul Ball, location: 2F
1-2: Foul Ball, location: 2F
1-2: Ball
Brody King is caught stealing 2nd base 2-4
2-2: Ball
3-2: Fly out, F9 (Flyball, 9LM, EV 83.1 MPH)
Top of the 7th over - 0 runs, 1 hit, 0 errors, 0 left on base; Bethlehem 3 - Canonniers de Quebec 1
BOTTOM OF THE 7TH
Canonniers de Quebec batting - Pitching for Bethlehem Angel Kitties : RHP Wesley White
Now at SS: Bruno Brewster
Batting: RHB Ron Johnson 0-0: Fly out, F5 (Line Drive, 5, EV 76.9 MPH)
Batting: RHB José Negrete 0-0: Swinging Strike
0-1: Ground out 4-3 (Groundball, 34, EV 83.1 MPH)
Batting: RHB Ludwig Mangin 0-0: Fly out, F8 (Flyball, 8LD, EV 79.4 MPH)
Bottom of the 7th over - 0 runs, 0 hits, 0 errors, 0 left on base; Bethlehem 3 - Canonniers de Quebec 1
TOP OF THE 8TH
Bethlehem Angel Kitties batting - Pitching for Canonniers de Quebec : RHP Steve MacDougal
Batting: LHB Tse-peng Yei 0-0: Called Strike
0-1: Ball
1-1: Ball
2-1: Ball
3-1: Base on Balls
Pitching: RHP Mark Godfrey
Batting: RHB Hwui-ning Chen 0-0: Ball
1-0: Foul Ball, location: 2F
1-1: Ball
2-1: Foul Ball, location: 2F
2-2: 2-RUN HOME RUN (Flyball, 7D, EV 87.5 MPH), Distance : 379 ft
Batting: RHB Robbie McClellan 0-0: Ball
1-0: SINGLE (Line Drive, 8LS, EV 94.4 MPH)
Batting: LHB Cam Nicholson 0-0: Foul Ball, location: 2F
0-1: Ball
1-1: Ball
2-1: Swinging Strike
2-2: Strikes out swinging
Batting: RHB Bruno Brewster 0-0: Foul Ball, location: 2F
0-1: Called Strike
Robbie McClellan is caught stealing 2nd base 2-4
0-2: Foul Ball, location: 2F
0-2: Ball
1-2: Strikes out looking
Top of the 8th over - 2 runs, 2 hits, 0 errors, 0 left on base; Bethlehem 5 - Canonniers de Quebec 1
BOTTOM OF THE 8TH
Canonniers de Quebec batting - Pitching for Bethlehem Angel Kitties : RHP Wesley White
Batting: RHB Manny Costello 0-0: Called Strike
0-1: Called Strike
0-2: Strikes out swinging
Batting: RHB Luis Manuel Pérez 0-0: Swinging Strike
0-1: Ground out 5-3 (Groundball, 56, EV 90.0 MPH)
Batting: LHB Tomás Gutiérrez 0-0: Ball
1-0: Ground out 5-3 (Groundball, 56, EV 85.6 MPH)
Bottom of the 8th over - 0 runs, 0 hits, 0 errors, 0 left on base; Bethlehem 5 - Canonniers de Quebec 1
TOP OF THE 9TH
Bethlehem Angel Kitties batting - Pitching for Canonniers de Quebec : RHP Mark Godfrey
Batting: RHB Martín Espinoza 0-0: Swinging Strike
0-1: Ground out 3-1 (Groundball, 34, EV 96.9 MPH)
Batting: RHB Kent Fowler 0-0: Ball
1-0: Foul Ball, location: 2F
1-1: SINGLE (Groundball, 56, EV 106.9 MPH) (infield hit)
Batting: RHB Brody King 0-0: Ball
1-0: Ball
2-0: Called Strike
2-1: Foul Ball, location: 2F
2-2: Strikes out swinging
Batting: RHB Wyatt Shepherd 0-0: Called Strike
0-1: Ball
1-1: Foul Ball, location: 2F
1-2: Ball
2-2: Ball
3-2: Foul Ball, location: 2F
3-2: Foul Ball, location: 2F
3-2: Fly out, F9 (Flyball, 9LM, EV 92.5 MPH)
Top of the 9th over - 0 runs, 1 hit, 0 errors, 1 left on base; Bethlehem 5 - Canonniers de Quebec 1
BOTTOM OF THE 9TH
Canonniers de Quebec batting - Pitching for Bethlehem Angel Kitties : RHP Wesley White
Pitching: RHP Yu-eh Wang
Batting: RHB Rich Robinson 0-0: Called Strike
0-1: Ground out 5-3 (Groundball, 56S, EV 66.2 MPH)
Batting: SHB Arturo Costa 0-0: Foul Ball, location: 2F
0-1: Ball
1-1: Foul Ball, location: 2F
1-2: Strikes out swinging
Batting: RHB Gael Kerwin 0-0: Ground out 5-3 (Groundball, 56, EV 103.8 MPH)
Bottom of the 9th over - 0 runs, 0 hits, 0 errors, 0 left on base; Bethlehem 5 - Canonniers de Quebec 1
Friday, March 26th, 2021 - OOTP Baseball 20.8 Build 74